AoeStats
← [Marty]TheEY

Nomad

509062391Analyzed
4v4 RM · 8d ago on Sep 25, 2026· 46m 3s· 8 players
Game mode
Random Map
Map size
231×231
Population
200
Speed
Normal
Resources
Standard
Victory
Conquest
Starting age
Dark Age
Ending age
Imperial Age
RankedLock teamsTeams togetherTeam positionsShared explorationLock speedFull tech treeHidden civsTurbo modeCheats
Victory
Defeat
🇹🇼 Vietnamese · Taiwan
1537
+14
1527
+15
🇭🇰 Persians · Hong Kong SAR China
1519
+15
🇹🇼 Koreans · Taiwan
1496
+16
🇨🇳 Mongols · China
1573
-18
🇨🇳 Varangians · China
1473
-14
🇭🇺 Malay · Hungary
1472
-14
🇩🇪 Spanish · Germany
1461
-14
[Marty]TheEY
13:26 Feudal Age
16:51 Castle Age
15:16 Double-Bit Axe
15:12 Fishing Lines
17:29 Medium Warships
17:36 Loom
18:46 Bow Saw
20:13 Town Watch
20:39 Demolition Ship
22:57 Horse Collar
28:24 Wheelbarrow
32:28 Scale Barding Armor
32:25 Husbandry
32:36 Bloodlines
35:37 Imperial Age
34:41 Forging
35:32 Hand Cart
35:12 Gold Mining
35:13 Stone Mining
36:08 Cavalier
37:09 Chain Barding Armor
38:59 Plate Barding Armor
39:24 Savar
41:11 Iron Casting
41:59 Conscription
44:47 Gold Shaft Mining
44:52 Coinage
45:38 Two-Man Saw
45:44 Blast Furnace
菜就怪隊友
5:06 Loom
13:58 Feudal Age
14:29 Double-Bit Axe
20:11 Castle Age
19:17 Fletching
21:13 Bodkin Arrow
26:07 Town Watch
37:21 Wheelbarrow
41:58 Gold Mining
42:03 Fishing Lines
43:03 Bow Saw
47:51 Imperial Age
Yucatan_water_supremacy
5:48 Loom
14:30 Feudal Age
15:19 Double-Bit Axe
15:26 Gold Mining
23:16 Castle Age
23:47 Fishing Lines
24:19 Medium Warships
24:30 Town Watch
27:58 Fletching
33:57 Imperial Age
31:44 Demolition Ship
33:44 Bow Saw
34:17 Bodkin Arrow
37:43 Chemistry
40:36 Horse Collar
46:30 Ballistics
Sunny Day
5:04 Loom
13:02 Feudal Age
13:55 Double-Bit Axe
14:51 Fletching
20:17 Castle Age
21:05 Bodkin Arrow
21:23 Medium Warships
22:16 Bow Saw
26:58 Wheelbarrow
28:02 Ballistics
33:44 Imperial Age
31:30 Gold Mining
31:31 Stone Mining
31:23 Horse Collar
32:18 Padded Archer Armor
34:29 Leather Archer Armor
36:46 Bracer
38:21 Hand Cart
39:56 Chemistry
39:18 Elite Rattan Archer
40:32 Ring Archer Armor
40:23 Heavy Plow
41:30 Crop Rotation
42:04 Paper Money
42:42 Siege Engineers
43:12 Scale Mail Armor
43:22 Forging
45:32 Chain Mail Armor
45:52 Iron Casting
46:52 Two-Man Saw
PZ|NagyGeri1
6:47 Loom
13:32 Feudal Age
16:34 Double-Bit Axe
20:18 Horse Collar
22:14 Wheelbarrow
25:50 Castle Age
25:49 Medium Warships
29:44 Bow Saw
31:27 Town Watch
33:16 Heavy Plow
35:17 Hand Cart
37:17 Gold Mining
37:48 Scale Barding Armor
38:10 Husbandry
38:07 Fishing Lines
39:10 Forging
41:56 Imperial Age
43:28 Heavy Warships
NoName06
4:43 Loom
13:18 Feudal Age
14:11 Double-Bit Axe
17:59 Castle Age
19:24 Bow Saw
24:30 Husbandry
28:21 Padded Archer Armor
28:43 Horse Collar
29:44 Bloodlines
39:50 Fishing Lines
42:03 Medium Warships
45:19 Gillnets
香辣鸡翅
12:00 Feudal Age
11:03 Loom
13:35 Double-Bit Axe
17:11 Forging
18:45 Horse Collar
24:56 Castle Age
24:23 Gold Mining
24:45 Stone Mining
26:46 Medium Warships
26:59 Bow Saw
26:52 Heavy Plow
27:35 Iron Casting
31:10 Wheelbarrow
37:44 Imperial Age
36:00 Bloodlines
35:50 Husbandry
36:07 Scale Barding Armor
37:09 Chain Barding Armor
37:50 Ballistics
38:27 Elite Steppe Lancer
39:44 Hand Cart
41:11 Town Watch
41:49 Conscription
42:31 Blast Furnace
41:50 Light Cavalry
44:45 Hussar
浮白
6:12 Loom
14:55 Feudal Age
18:48 Castle Age
17:15 Double-Bit Axe
19:35 Scale Barding Armor
21:01 Wheelbarrow
20:56 Forging
27:16 Horse Collar
28:01 Town Watch
38:56 Hand Cart
40:11 Bow Saw
40:23 Fletching
40:54 Chain Barding Armor
41:10 Iron Casting
45:00 Imperial Age
42:42 Husbandry
43:26 Bloodlines
45:07 Gold Mining
Connection lost

Rejoining the realm…

Still unreachable

The connection could not be restored.

Session expired

The server has moved on; the page needs a fresh start.